 Dungeon Crawl Stone Soup version 0.21-a0-110-g8e1637b (webtiles) character file.

11187 Ijustatesigmund the Grappler (level 11, -3/115 HPs)
             Began as a Troll Monk on July 10, 2017.
             Was a High Priest of Cheibriados.
             Slain by a two-headed ogre
             ... wielding a cursed -1 giant spiked club
              (31 damage)
             ... on level 11 of the Dungeon.
             The game lasted 00:23:22 (7883 turns).

Ijustatesigmund the Grappler (Troll Monk)           Turns: 7883, Time: 00:23:23

Health: -3/115     AC: 13    Str: 35    XL:     11   Next: 46%
Magic:  11/11      EV: 20    Int: 18    God:    Cheibriados [*****.]
Gold:   521        SH:  0    Dex: 32    Spells: 10/10 levels left

rFire    . . .     SeeInvis .     - Unarmed
rCold    . . .     Gourm    +   (no shield)
rNeg     . . .     Faith    .   a - +2 robe {MR+}
rPois    .         Spirit   .   D - +2 hat
rElec    .         Reflect  .   (no cloak)
rCorr    .         Harm     .   (gloves unavailable)
MR       ++...                  (boots unavailable)
Stlth    ++++......             q - amulet of regeneration
HPRegen  1.09/turn              A - ring of protection from magic
MPRegen  0.12/turn              K - +2 ring of protection

@: agile, very slow
A: unfitting armour, claws 3, icy blue scales 1, fast metabolism 3, gourmand,
regeneration 1, shaggy fur 1, strong 1, tough skin 2
a: Bend Time, Temporal Distortion, Slouch, Step From Time, Renounce Religion


You were on level 11 of the Dungeon.
You worshipped Cheibriados.
Cheibriados was extremely pleased with you.
You were completely stuffed.

You visited 2 branches of the dungeon, and saw 12 of its levels.

You collected 521 gold pieces.

Inventory:

Hand Weapons
 k - a +1 morningstar of holy wrath
 p - a +0 giant club
Missiles
 B - 3 javelins (quivered)
 F - 2 large rocks
Armour
 a - a +2 robe of magic resistance (worn)
 D - a +2 hat (worn)
Jewellery
 l - an uncursed ring of magical power
 o - an uncursed ring of fire
 q - an amulet of regeneration (around neck)
 r - an uncursed ring of fire
 w - an uncursed ring of stealth
 y - an uncursed ring of ice
 A - a ring of protection from magic (left claw)
 C - an uncursed ring of protection from magic
 K - a +2 ring of protection (right claw)
Wands
 m - a wand of iceblast (8/15)
 s - a wand of scattershot (4/9)
 t - a wand of acid (8/15)
 u - a wand of iceblast (5/15)
 v - a wand of paralysis (2/24)
 G - a wand of disintegration (17/24)
Scrolls
 g - 2 scrolls of magic mapping
 h - 4 scrolls of teleportation
 i - 3 scrolls of amnesia
 E - 3 scrolls of remove curse
 H - a scroll of enchant armour
 J - a scroll of enchant weapon
Potions
 j - 2 potions of magic
 x - 2 potions of flight
 I - a potion of ambrosia
Comestibles
 b - 9 bread rations
 c - 11 fruits
 f - 7 meat rations
 n - 7 royal jellies
 z - 10 chunks of flesh


   Skills:
 + Level 9.4 Fighting
 - Level 5.3 Maces & Flails
 + Level 4.7 Dodging
 - Level 1.0 Stealth
 + Level 12.4 Unarmed Combat
 + Level 2.2 Invocations


You had 10 spell levels left.
You didn't know any spells.

Dungeon Overview and Level Annotations

Branches:
Dungeon (11/15)            Temple (1/1) D:5            Lair (0/6) D:8
    Orc: D:9-12

Altars:
Ashenzari
Cheibriados
Dithmenos
Elyvilon
Fedhas
Gozag
Hepliaklqana
Kikubaaqudgha
Makhleb
Nemelex Xobeh
Okawaru
Qazlal
Ru
Sif Muna
Trog
Uskayaw
Vehumet
Wu Jian
Xom
Yredelemnul
Zin
The Shining One


Innate Abilities, Weirdness & Mutations

You are too large for most types of armour.
You have claws for hands.
Your metabolism is lightning-fast.
You like to eat raw meat.
Your natural rate of healing is unusually fast.
You are covered in fur. (AC +1)
You have very tough skin. (AC +2)
You are partially covered in icy blue scales. (AC +2)
Your muscles are strong. (Str +2)


Message History

You scratch the two-headed ogre.
The two-headed ogre is heavily wounded.
The two-headed ogre hits you with a giant spiked club!!
* * * LOW HITPOINT WARNING * * *
The two-headed ogre closely misses you.
You scratch the two-headed ogre but do no damage.
The two-headed ogre is heavily wounded.
The two-headed ogre misses you. x2
You mangle the two-headed ogre!!
The two-headed ogre is severely wounded.
You claw the two-headed ogre!
The two-headed ogre is almost dead.
The two-headed ogre completely misses you.
The two-headed ogre barely misses you.
You scratch the two-headed ogre but do no damage.
The two-headed ogre is almost dead.
You barely miss the two-headed ogre.
The two-headed ogre is almost dead.
The two-headed ogre hits you with a giant spiked club!!
You die...

.......#.#####...####...###
.......#.# ##.....#.#...##
# ########)#
###..........## .# #)#
###.....#...##.## #.#
#.###.........#
######)###### #..#
####.......
##...........###..##
#....... #.............#..#
#<...... ...............@#
####.... ..............O##
#### ...............#
.$.............#
......%........#
..%............#
#.............##
##.$...#.....## ######


You could see a two-headed ogre.

Vanquished Creatures
  Erica (D:8)
  3 two-headed ogres
  An unseen horror (D:11)
  A cyclops (D:11)
  A manticore (D:11)
  A centaur skeleton (D:11)
  A kobold demonologist (D:11)
  A hornet (D:7)
  A troll (D:11)
  A hippogriff (D:7)
  9 yaks
  4 hogs (D:7)
  A human (D:7)
  Duvessa (D:5)
  A water moccasin (D:6)
  A sky beast (D:5)
  4 ogres
  A phantom (D:5)
  4 orc warriors
  2 ice beasts
  A hornet zombie (D:11)
  4 centaurs
  2 big kobolds
  4 bullfrogs
  Dowan (D:5)
  3 scorpions
  3 killer bees (D:10)
  An electric eel (D:6)
  8 wights
  A howler monkey (D:10)
  2 centaur zombies (D:9)
  7 crimson imps
  A bullfrog zombie (D:6)
  A hound (D:5)
  An orc priest (D:10)
  4 jellies
  3 bullfrog skeletons
  Natasha (thrice) (D:4)
  2 iguanas
  5 orc wizards
  10 worker ants
  3 hound zombies
  A worker ant zombie (D:8)
  4 gnolls (D:10)
  12 adders
  A shadow imp (D:11)
  3 oozes
  2 adder zombies
  2 adder skeletons
  3 worms
  4 dart slugs
  5 leopard geckos
  38 orcs
  5 giant cockroaches
  4 hobgoblins
  8 jackals
  3 quokkas
  4 bats
  7 frilled lizards
  3 goblins (D:1)
  13 kobolds
  A leopard gecko skeleton (D:5)
  A leopard gecko zombie (D:3)
  9 rats
243 creatures vanquished.

Vanquished Creatures (others)
  A hound (D:11)
  An adder skeleton (D:6)
  A plant (D:8)
3 creatures vanquished.

Grand Total: 246 creatures vanquished

Notes
Turn   | Place    | Note
-------+----------+-------------------------------------------
     0 | D:1      | Ijustatesigmund the Troll Monk began the quest for the Orb.
     0 | D:1      | Reached XP level 1. HP: 22/22 MP: 0/0
   103 | D:1      | Reached XP level 2. HP: 29/29 MP: 1/1
   422 | D:1      | Reached skill level 4 in Unarmed Combat
   716 | D:1      | Reached XP level 3. HP: 36/36 MP: 2/2
   884 | D:2      | Found a faded altar of an unknown god.
  1206 | D:2      | Found a glowing silver altar of Zin.
  1324 | D:2      | Found a blossoming altar of Fedhas.
  1519 | D:3      | Found an opulent altar of Gozag.
  1553 | D:3      | Reached XP level 4. HP: 29/44 MP: 3/3
  1603 | D:3      | Reached skill level 5 in Unarmed Combat
  2341 | D:3      | Reached XP level 5. HP: 50/50 MP: 4/4
  2464 | D:4      | Noticed an ogre
  2472 | D:4      | Killed an ogre
  2511 | D:4      | Reached skill level 6 in Unarmed Combat
  2532 | D:4      | Noticed Natasha
  2539 | D:4      | Killed Natasha
  2539 | D:4      | Reached XP level 6. HP: 53/61 MP: 5/5
  2576 | D:4      | Noticed Natasha
  2712 | D:4      | Killed Natasha
  2954 | D:4      | Noticed Natasha
  2962 | D:4      | Killed Natasha
  2975 | D:5      | Entered Level 5 of the Dungeon
  2991 | D:5      | Noticed a sky beast
  2999 | D:5      | Killed a sky beast
  2999 | D:5      | Reached XP level 7. HP: 47/70 MP: 6/6
  3002 | D:5      | Gained mutation: You possess an exceptional clarity of mind. [mutagenic meat]
  3003 | D:5      | Gained mutation: You are weak. (Str -2) [mutagenic meat]
  3004 | D:5      | Gained mutation: Your body sometimes deteriorates upon taking damage. [mutagenic meat]
  3006 | D:5      | Gained mutation: You have a pair of small antennae on your head. [mutagenic meat]
  3063 | D:5      | Reached skill level 7 in Unarmed Combat
  3324 | D:5      | Found a staircase to the Ecumenical Temple.
  3324 | D:5      | Noticed Duvessa
  3326 | D:5      | Noticed Dowan
  3336 | D:5      | Killed Duvessa
  3341 | D:5      | Reached skill level 5 in Fighting
  3357 | D:5      | Killed Dowan
  3382 | Temple   | Entered the Ecumenical Temple
  3700 | D:5      | Reached XP level 8. HP: 70/80 MP: 7/7
  3750 | D:5      | Reached skill level 8 in Unarmed Combat
  4213 | D:6      | Found a white marble altar of Elyvilon.
  4216 | D:6      | Found a basalt altar of Yredelemnul.
  4218 | D:6      | Found a snail-covered altar of Cheibriados.
  4218 | D:6      | Found a sparkling altar of Nemelex Xobeh.
  4219 | D:6      | Found a hide-covered altar of Uskayaw.
  4219 | D:6      | Found a radiant altar of Vehumet.
  4219 | D:6      | Found a bloodstained altar of Trog.
  4219 | D:6      | Found a burning altar of Makhleb.
  4230 | D:6      | Became a worshipper of Cheibriados the Contemplative
  4230 | D:6      | Reached * piety under Cheibriados
  4230 | D:6      | Reached ** piety under Cheibriados
  4455 | D:6      | Reached skill level 9 in Unarmed Combat
  4788 | D:7      | Reached XP level 9. HP: 82/92 MP: 8/8
  4977 | D:7      | Paralysed by a hornet for 2 turns
  5098 | D:7      | Reached *** piety under Cheibriados
  5098 | D:7      | Reached skill level 10 in Unarmed Combat
  5452 | D:8      | Found a staircase to the Lair.
  5674 | D:8      | Noticed Erica
  5690 | D:8      | Killed Erica
  5690 | D:8      | Reached XP level 10. HP: 34/105 MP: 9/9
  5886 | D:8      | Noticed a two-headed ogre
  5893 | D:8      | Killed a two-headed ogre
  6015 | D:8      | Reached skill level 5 in Maces & Flails
  6191 | D:8      | Lost mutation: Your body sometimes deteriorates upon taking damage. [potion of mutation]
  6191 | D:8      | Lost mutation: You are weak. (Str -2) [potion of mutation]
  6191 | D:8      | Lost mutation: You possess an exceptional clarity of mind. [potion of mutation]
  6191 | D:8      | Lost mutation: You have a pair of small antennae on your head. [potion of mutation]
  6191 | D:8      | Gained mutation: Your muscles are strong. (Str +2) [potion of mutation]
  6191 | D:8      | Gained mutation: You are partially covered in icy blue scales. (AC +2) [potion of mutation]
  6412 | D:9      | Noticed a two-headed ogre
  6417 | D:9      | Killed a two-headed ogre
  6417 | D:9      | Reached skill level 11 in Unarmed Combat
  6513 | D:9      | Found a sacrificial altar of Ru.
  6743 | D:9      | Reached **** piety under Cheibriados
  6785 | D:9      | Found a sacrificial altar of Ru.
  6910 | D:10     | Entered Level 10 of the Dungeon
  7128 | D:10     | Noticed a two-headed ogre
  7136 | D:10     | Killed a two-headed ogre
  7548 | D:10     | Reached XP level 11. HP: 99/115 MP: 10/10
  7568 | D:10     | Reached skill level 12 in Unarmed Combat
  7705 | D:11     | Reached ***** piety under Cheibriados
  7723 | D:11     | Reached skill level 1 in Invocations
  7734 | D:11     | Killed an unseen horror
  7872 | D:11     | Noticed a two-headed ogre
  7883 | D:11     | Slain by a two-headed ogre

Vault maps used:
D:1:      lightli_arrival_statuegarden, nrook_mini_vaults,
          minmay_split_cup_small
D:2:      lemuel_doored_altar, zin_academy,
          chequers_ecumenical_altar_simple_redux
D:3:      old_standard_altar, serial_undead, serial_undead_d, serial_undead_f,
          serial_undead_e, serial_undead_e, first_bread
D:4:      cheibrodos_old_hovel, uniq_natasha
D:5:      minmay_temple_entry_butterflies, minmay_misc_feat_pillars,
          uniq_duvessa
D:6:      grunt_temple_overflow_open, serial_bayou, serial_bayou_ford_a,
          serial_bayou_pond_c, serial_bayou_pond_e, serial_bayou_pond_e
D:7:      grunt_livestock
D:8:      dpeg_oklobed_lair, uniq_erica
D:9:      lemuel_coloured_pillars_altar, basic_altar
Temple:   dpeg_chambers_temple

Skill      XL: |  1  2  3  4  5  6  7  8  9 10 11 |
---------------+----------------------------------+-----
Unarmed Combat | 4 5 6 7 9 10 11 12 | 12.4
Fighting       | 3 4 5 6 8 9 |  9.4
Maces & Flails | 3 5 |  5.3
Dodging        | 3 4 |  4.7
Invocations    | 2 |  2.2
Stealth        | |  1.0

Action                   |  1- 3 |  4- 6 |  7- 9 | 10-12 || total
-------------------------+-------+-------+-------+-------++-------
Melee: Unarmed           |    98 |   159 |   258 |   202 ||   717
       Punch             |     1 |     2 |    16 |    24 ||    43
Throw: Javelin           |       |       |     5 |     3 ||     8
Invok: Bend Time         |       |       |       |     1 ||     1
  Use: Scroll            |     6 |     4 |     4 |     6 ||    20
       Potion            |       |       |     6 |     6 ||    12
 Stab: Sleeping          |       |     4 |     8 |     4 ||    16
  Eat: Chunk             |    18 |    12 |    27 |    16 ||    73
Armor: Robe              |    26 |    32 |    71 |    70 ||   199
Dodge: Dodged            |    40 |    81 |   129 |   139 ||   389
